AoeStats
← boromir7222

Coastal Forest

510830625Analyzed
3v3 RM · 11h ago on Oct 2, 2026· 54m 8s· 6 players
Game mode
Random Map
Map size
Normal (6 player)
Population
200
Speed
Normal
Resources
Standard
Victory
Conquest
Starting age
Dark Age
Ending age
Imperial Age
RankedLock teamsTeams togetherTeam positionsShared explorationLock speedFull tech treeHidden civsTurbo modeCheats
Victory
Defeat
🇩🇪 Britons · Germany
1088
+15
🇩🇪 Byzantines · Germany
1053
+17
🇩🇪 Danes · Germany
966
+20
🇪🇸 Dravidians · Spain
1068
-18
🇩🇪 Ethiopians · Germany
1067
-17
🇩🇪 Malians · Germany
1066
-17
Flomingo
5:21 Loom
10:44 Feudal Age
12:20 Man-at-Arms
20:18 Castle Age
19:30 Scale Barding Armor
19:32 Double-Bit Axe
23:08 Wheelbarrow
26:28 Husbandry
30:32 Horse Collar
33:13 Hand Cart
34:01 Elite Skirmisher
34:44 Heavy Plow
36:52 Bow Saw
39:48 Imperial Age
37:48 Ballistics
37:53 Forging
39:55 Fletching
40:13 Light Cavalry
40:38 Cavalier
41:30 Padded Archer Armor
42:10 Murder Holes
43:02 Chain Barding Armor
44:32 Plate Barding Armor
44:33 Iron Casting
44:27 Paladin
45:46 Thumb Ring
48:01 Bodkin Arrow
52:35 Hussar
Lugge
7:36 Loom
10:32 Feudal Age
12:27 Double-Bit Axe
12:26 Horse Collar
14:07 Fletching
18:22 Padded Archer Armor
22:29 Castle Age
20:33 Horse Collar
22:32 Crossbowman
23:31 Leather Archer Armor
23:56 Bodkin Arrow
27:35 Bow Saw
31:44 Ballistics
37:03 Imperial Age
35:11 Yeomen
36:22 Heavy Plow
37:49 Wheelbarrow
37:00 Town Watch
37:45 Bracer
38:15 Ring Archer Armor
38:47 Chemistry
38:10 Conscription
37:39 Arbalester
38:49 Warwolf
50:38 Caravan
Dark Pepe
10:55 Feudal Age
9:12 Loom
19:10 Castle Age
19:46 Forging
19:38 Scale Mail Armor
19:42 Man-at-Arms
21:08 Long Swordsman
22:47 Iron Casting
22:29 Chain Mail Armor
26:14 Gold Mining
27:29 Fletching
28:06 Squires
27:53 Arson
27:54 Gambesons
32:04 Gold Shaft Mining
36:03 Imperial Age
34:26 Double-Bit Axe
34:47 Stone Mining
36:08 Onager
37:28 Bow Saw
37:43 Conscription
38:24 Wheelbarrow
37:36 Town Watch
39:08 Siege Onager
41:18 Northmen's Fury
46:21 Heavy Scorpion
53:25 Ballistics
54:06 Chemistry
53:03 Murder Holes
Filtravis
4:34 Loom
11:01 Feudal Age
14:43 Castle Age
15:14 Fletching
18:17 Crossbowman
19:51 Wheelbarrow
20:19 Bodkin Arrow
27:44 Ballistics
29:18 Thumb Ring
30:28 Padded Archer Armor
31:46 Double-Bit Axe
34:44 Hand Cart
39:33 Imperial Age
38:39 Leather Archer Armor
39:14 Bow Saw
40:16 Scale Mail Armor
40:26 Forging
40:17 Bracer
40:47 Ring Archer Armor
42:24 Conscription
41:35 Arbalester
46:19 Chemistry
49:07 Elite Shotel Warrior
50:25 Iron Casting
50:05 Chain Mail Armor
53:36 Blast Furnace
53:07 Ring Archer Armor
53:08 Plate Mail Armor
boromir7222
5:21 Loom
11:01 Feudal Age
14:59 Wheelbarrow
17:02 Castle Age
24:34 Double-Bit Axe
25:25 Horse Collar
28:13 Scale Mail Armor
28:24 Forging
28:05 Fletching
31:18 Wheelbarrow
35:30 Scale Barding Armor
36:01 Iron Casting
35:41 Medical Corps
36:21 Bow Saw
37:12 Gold Mining
40:21 Imperial Age
38:06 Husbandry
38:26 Heavy Plow
39:03 Chain Barding Armor
38:38 Bodkin Arrow
38:39 Stone Mining
41:15 Hand Cart
42:07 Blast Furnace
41:35 Conscription
43:56 Bracer
53:26 Light Cavalry
Inkencamilla
0:33 Loom
13:21 Feudal Age
19:21 Wheelbarrow
20:51 Castle Age
18:45 Gold Mining
18:37 Horse Collar
18:50 Stone Mining
19:01 Double-Bit Axe
25:00 Hand Cart
25:24 Bow Saw
25:25 Heavy Plow
28:58 Imperial Age
29:37 Forging
29:55 Fletching
30:05 Padded Archer Armor
31:58 Crop Rotation
30:58 Elite Gbeto
32:14 Leather Archer Armor
32:41 Gold Shaft Mining
33:15 Iron Casting
32:47 Bodkin Arrow
34:57 Ring Archer Armor
34:28 Scale Mail Armor
36:00 Conscription
37:12 Chain Mail Armor
37:03 Squires
37:46 Farimba
38:42 Plate Mail Armor
38:18 Scale Barding Armor
38:22 Husbandry
38:33 Bloodlines
37:44 Light Cavalry
40:52 Chain Barding Armor
41:15 Murder Holes
42:30 Plate Barding Armor
Connection lost

Rejoining the realm…

Still unreachable

The connection could not be restored.

Session expired

The server has moved on; the page needs a fresh start.